 Dungeon Sprint DCSS version 0.29-a0-384-g6960b1960d (webtiles) character file.

Game seed: 11778768068345518163

578 mhtbhm the Basher (level 7, -8/53 HPs)
             Began as a Gargoyle Berserker on May 8, 2022.
             Was an Elder of Trog.
             Killed from afar by an acid dragon (34 damage)
             ... with a splash of acid
             ... in the Dungeon (Sprint IX: "|||||||||||||||||||||||||||||").
             The game lasted 00:00:42 (377 turns).

mhtbhm the Basher (Gargoyle Berserker)               Turns: 377, Time: 00:00:42

Health: -8/53      AC: 17    Str: 25    XL:     7   Next: 36%
Magic:  7/7        EV:  9    Int: 11    God:    Trog [****..]
Gold:   0          SH:  0    Dex:  9    Spells: 6/6 levels left

rFire   . . .      SeeInvis .   a - +2 morningstar (vorpal)
rCold   . . .      Faith    .   (no shield)
rNeg    + . .      Spirit   .   b - +1 chain mail
rPois   ∞          Reflect  .   (no helmet)
rElec   +          Harm     .   (no cloak)
rCorr   .          Rampage  .   (no gloves)
Will    .....      NoTele   +   k - +0 pair of boots
Stlth   ..........              (no amulet)
HPRegen 0.17/turn               l - +3 ring of strength
MPRegen 0.10/turn               m - +3 ring of intelligence

@: on berserk cooldown, slowed, very slow
A: sickness immunity, AC +4, negative energy resistance 1, electricity
resistance, torment resistance 1, petrification resistance
a: Renounce Religion, Berserk, Trog's Hand, Brothers in Arms


You were in the Dungeon.
You worshipped Trog.
Trog was greatly pleased with you.
You visited 1 branch

Inventory:

Hand Weapons
 a - a +2 vorpal morningstar (weapon)
Armour
 b - a +1 chain mail (worn)
 k - a +0 pair of boots (worn)
Jewellery
 l - a +3 ring of strength (left hand)
 m - a +3 ring of intelligence (right hand)
Wands
 j - a wand of iceblast (10)
Scrolls
 h - 2 scrolls of blinking
Potions
 c - 5 potions of curing
 d - 3 potions of heal wounds
 e - a potion of haste
 f - 4 potions of magic
 g - a potion of berserk rage
 i - a potion of invisibility


   Skills:
 + Level 10.3 Fighting
 + Level 10.6 Maces & Flails
 + Level 5.7 Armour
 + Level 4.7 Dodging
 + Level 1.8 Stealth


You had 6 spell levels left.
You didn't know any spells.
Your spell library was empty.

Dungeon Overview and Level Annotations

Branches:
Dungeon (1/1)

Altars:
Cheibriados
Dithmenos
Elyvilon
Fedhas
Gozag
Hepliaklqana
Kikubaaqudgha
Makhleb
Nemelex Xobeh
Okawaru
Qazlal
Ru
Sif Muna
Trog
Uskayaw
Vehumet
Wu Jian
Xom
Yredelemnul
Zin
The Shining One
Beogh
Jiyva
Lugonu


Innate Abilities, Weirdness & Mutations

You are immune to sickness and miasma.
Your stone body is resilient. (AC +4)
You are immune to poison.
You resist negative energy. (rN+)
You are resistant to electric shocks. (rElec)
You are resistant to unholy torment.
You are immune to petrification.


Message History

You are too injured to fight recklessly!
You sock the kobold brigand!
The kobold brigand is moderately wounded.
You impale the kobold brigand!!
You kill the kobold brigand!
Trog accepts your kill.
The orc warrior hits you from afar with a +0 trident.
Your Fighting skill increases to level 10!
Your Maces & Flails skill increases to level 10!
You have reached level 7!
The orc warrior barely misses you.
Things that are here:
a +0 short sword; 8 poisoned darts You barely miss the orc warrior.
You hit the orc warrior.
The orc warrior is moderately wounded.
The orc warrior closely misses you.
You puncture the orc warrior!
The orc warrior is heavily wounded.
The orc warrior hits you with a +0 trident.
You hit the orc warrior.
The orc warrior is severely wounded.
You closely miss the orc warrior.
The orc warrior is severely wounded.
The orc warrior hits you with a +0 trident.
You closely miss the orc warrior.
The orc warrior is severely wounded.
The orc warrior misses you.
You puncture the orc warrior!
You kill the orc warrior!
Trog accepts your kill.
You are no longer berserk.
You are exhausted.
You feel yourself slow down.
Unknown command.
Unknown command.
The acid dragon spits acid at you. The splash of acid hits you!!
Ouch! That really hurt!
You die...

▓+▓
▓.▓
▓.▓
▓o▓
▓D▓
▓)▓
▓)▓
▓@▓
▓.▓
▓.▓
▓.▓
▓[▓
▓[▓
▓.▓
▓)▓
▓?▓


You could see an orc warrior and an acid dragon (catching breath).

Vanquished Creatures
  A wraith (D)
  A wyvern (D)
  An orc warrior (D)
  A black bear (D)
  A kobold brigand (D)
  An iguana (D)
  A dart slug (D)
  2 orcs (D)
  A bat (D)
  3 goblins (D)
  A kobold (D)
14 creatures vanquished.

Notes
Turn   | Place    | Note
-------+----------+-------------------------------------------
     0 | D        | mhtbhm the Gargoyle Berserker began the quest for the Orb.
     0 | D        | Reached XP level 1. HP: 14/14 MP: 1/1
    14 | D        | Reached ** piety under Trog
    20 | D        | Reached XP level 2. HP: 14/20 MP: 2/2
   188 | D        | Noticed a black bear
   195 | D        | Killed a black bear
   196 | D        | Reached XP level 3. HP: 21/28 MP: 3/3
   196 | D        | Reached XP level 4. HP: 24/32 MP: 4/4
   203 | D        | Reached *** piety under Trog
   212 | D        | Reached XP level 5. HP: 19/38 MP: 5/5
   217 | D        | Found a snail-covered altar of Cheibriados.
   217 | D        | Found a shadowy altar of Dithmenos.
   217 | D        | Found a white marble altar of Elyvilon.
   217 | D        | Found a blossoming altar of Fedhas.
   217 | D        | Found an opulent altar of Gozag.
   218 | D        | Found a hazy altar of Hepliaklqana.
   219 | D        | Found a viscous altar of Jiyva.
   220 | D        | Found an ancient bone altar of Kikubaaqudgha.
   221 | D        | Found a corrupted altar of Lugonu.
   222 | D        | Found a burning altar of Makhleb.
   223 | D        | Found a sparkling altar of Nemelex Xobeh.
   224 | D        | Found an iron altar of Okawaru.
   225 | D        | Found a stormy altar of Qazlal.
   226 | D        | Found a sacrificial altar of Ru.
   227 | D        | Found a shimmering blue altar of Sif Muna.
   228 | D        | Found a bloodstained altar of Trog.
   229 | D        | Found a hide-covered altar of Uskayaw.
   230 | D        | Found a radiant altar of Vehumet.
   231 | D        | Found an ornate altar of the Wu Jian Council.
   232 | D        | Found a shimmering altar of Xom.
   233 | D        | Found a basalt altar of Yredelemnul.
   234 | D        | Found a glowing silver altar of Zin.
   235 | D        | Found a glowing golden altar of the Shining One.
   357 | D        | Noticed an orc warrior
   357 | D        | Noticed an acid dragon
   357 | D        | Noticed an orc warrior
   357 | D        | Noticed a kobold brigand
   357 | D        | Noticed a wyvern
   357 | D        | Noticed a wraith
   361 | D        | Killed a wraith
   362 | D        | Reached skill level 1 in Stealth
   362 | D        | Reached XP level 6. HP: 45/45 MP: 6/6
   363 | D        | Killed a wyvern
   363 | D        | Reached **** piety under Trog
   364 | D        | Reached skill level 5 in Armour
   369 | D        | Reached skill level 10 in Fighting
   369 | D        | Reached skill level 10 in Maces & Flails
   369 | D        | Reached XP level 7. HP: 38/52 MP: 7/7
   377 | D        | Killed from afar by an acid dragon

Illustrated notes

Levels and vault maps discovered:
D:        linesprint [early_d, line_temple, items_1, d_10, items_2, lair_1,
          lair_end, items_3, orc_1, orc_end, items_4, d_15, swamp_1, shoals_1,
          snake_1, spider_1, d_20, vaults_1, items_5, swamp_end, shoals_end,
          snake_end, spider_end, vaults_end, d_27, items_6, zot_1, zot_end,
          crypt_end, forest_end, elf_end, slime_end, tomb_end, abyss_end,
          pan_hell_end]

Skill      XL: |  1  2  3  4  5  6 |
---------------+-------------------+-----
Fighting       | 4 6 7 8 10 | 10.3
Maces & Flails | 6 8 10 | 10.6
Armour         | 3 4 5 |  5.7
Dodging        | 2 3 4 |  4.7
Stealth        | 1 |  1.8

Action                   |  1- 3 |  4- 6 |  7- 9 || total
-------------------------+-------+-------+-------++-------
Melee: Mace              |    19 |    16 |       ||    35
       Morningstar       |       |     9 |     7 ||    16
Invok: Berserk           |     2 |     1 |       ||     3
Armor: Animal skin       |     4 |     2 |       ||     6
       Chain mail        |       |     3 |       ||     3
Dodge: Dodged            |    14 |     8 |     3 ||    25

Table legend: (Time is in decaauts)
 A = Elapsed time spent in this place.
 B = Non-inter-level travel time spent in this place.
 C = Inter-level travel time spent in this place.
 D = Time resting spent in this place.
 E = Time spent auto-exploring this place.
 F = Levels seen in this place.
 G = Mean time per level.
                   A        B        C        D        E       F      G
               +--------+--------+--------+--------+--------+-----+--------+
         Total |    387 |    387 |      0 |    248 |      0 |   1 |  387.0 |
       Dungeon |    387 |    387 |      0 |    248 |      0 |   1 |  387.0 |
               +--------+--------+--------+--------+--------+-----+--------+

Top non-repeatable levels by time:
       D: 387 daAuts
